 Dungeon Crawl Stone Soup version 0.31.0-32-g396128a36d (webtiles) character file.

Game seed: 13889597975387402388

153 Doomgape the Shield-Bearer (level 5, -5/33 HPs)
             Began as a Gargoyle Fighter on Mar 27, 2024.
             Incinerated by a bombardier beetle (8 damage)
             ... with a burning spray
             ... on level 4 of the Dungeon.
             The game lasted 00:06:44 (2653 turns).

Doomgape the Shield-Bearer (Gargoyle Fighter)       Turns: 2653, Time: 00:06:44

Health: -5/33      AC: 15    Str: 27    XL:     5   Next: 35%
Magic:  5/5        EV:  8    Int:  9    God:
Gold:   141        SH:  4    Dex:  9    Spells: 4/4 levels left

rFire   . . .        a - +1 flail
rCold   . . .        c - +0 buckler
rNeg    + . .        p - +1 chain mail
rPois   ∞            n - +1 hat
rElec   +            (no cloak)
rCorr   .            (no gloves)
SInv    .            (no boots)
Will    .....        (no amulet) Stlth
                     e - +6 ring of strength
HPRegen 0.25/turn    (no ring)
MPRegen 0.09/turn

%: no passive effects
@: on fire, glowing
A: sickness immunity, AC +4, negative energy resistance 1, electricity
resistance, torment resistance 1, petrification resistance
a: no special abilities


You were on level 4 of the Dungeon.
You visited 1 branch of the dungeon, and saw 4 of its levels.

You collected 141 gold pieces.

Inventory:

Hand Weapons
 a - a +1 flail (weapon)
Armour
 c - a +0 buckler (worn)
 n - a +1 hat (worn)
 p - a +1 chain mail (worn)
Jewellery
 e - a +6 ring of strength (left hand)
 u - a ring of willpower
Wands
 b - a wand of flame (22)
Scrolls
 g - 2 scrolls of blinking
 l - a scroll of teleportation
 m - a scroll of enchant weapon
 o - a scroll of identify
 q - a scroll of vulnerability
 r - 2 scrolls of immolation
Potions
 d - a potion of might
 f - 2 potions of attraction
 h - 2 potions of heal wounds {unknown}
 i - a potion of degeneration {unknown}
 j - 2 potions of brilliance {unknown}
 k - a potion of curing {unknown}


   Skills:
 + Level 4.2 Fighting
 + Level 3.1 Maces & Flails
 + Level 4.2 Armour
 + Level 4.3 Shields


You had 4 spell levels left.
You didn't know any spells.
Your spell library was empty.

Dungeon Overview and Level Annotations

Branches:
Dungeon (4/15)
 Temple: D:4-7

Altars:


Innate Abilities, Weirdness & Mutations

You are immune to sickness and miasma.
Your stone body is resilient. (AC +4)
You are immune to poison.
You resist negative energy. (rN+)
You are resistant to electric shocks. (rElec)
You are resistant to unholy torment.
You are immune to petrification.


Message History

You kill the quokka!
No target in view!
A kobold comes into view. It is wielding a +0 dagger.
The kobold shouts!
The kobold hits you but does no damage.
A kobold is nearby!
You closely miss the kobold. The kobold hits you but does no damage.
You closely miss the kobold. The kobold completely misses you.
You hit the kobold.
You kill the kobold!
No target in view!
Things that are here:
a +0 dagger; 4 stones; a kobold corpse A bombardier beetle comes into view.
An orc comes into view. It is wielding a +0 heavy mace.
The orc shouts!
There are monsters nearby!
You sock the bombardier beetle!
The bombardier beetle is almost dead.
The bombardier beetle sprays incendiary fluid at you.
The burning spray hits you.
You are covered in liquid fire!
You barely miss the bombardier beetle.
The bombardier beetle is almost dead.
The liquid fire burns you!
The bombardier beetle bites you but does no damage.
You hit the bombardier beetle.
You kill the bombardier beetle!
The liquid fire burns you!
You shake off some of the fire as you move.
The liquid fire burns you! You block the orc's attack.
You see here a bombardier beetle corpse.
You barely miss the orc. The liquid fire burns you!
The orc hits you with a +0 heavy mace!
* * * LOW HITPOINT WARNING * * *
You barely miss the orc. The liquid fire burns you!
You die...

#########
..#....
##.#....
######....#
#....@o#..#
#.####....#
##.#.#
#.#.#######
#.#....)..#
..#######.#
### #.# #.#
####.#


You could see an orc.

Vanquished Creatures
  A bombardier beetle (D:4)
  Jessica (D:3)
  An adder (D:2)
  A gnoll (D:1)
  2 ribbon worms
  A dart slug (D:2)
  5 endoplasms
  3 giant cockroaches
  6 goblins
  4 hobgoblins
  4 jackals (D:1)
  12 kobolds
  2 quokkas
  6 ball pythons
  4 bats
  4 frilled lizards
  6 rats
63 creatures vanquished.

Notes
Turn   | Place    | Note
-------+----------+-------------------------------------------
     0 | D:1      | Doomgape the Gargoyle Fighter began the quest for the Orb.
     0 | D:1      | Reached XP level 1. HP: 14/14 MP: 1/1
   139 | D:1      | Reached XP level 2. HP: 19/19 MP: 2/2
   493 | D:1      | Reached XP level 3. HP: 23/23 MP: 3/3
   599 | D:1      | Found a faded altar of an unknown god.
  1305 | D:2      | Reached XP level 4. HP: 29/29 MP: 4/4
  1668 | D:3      | Identified the amulet of Veemaof {RegenMP Will- Int+5
                  | Dex+2}
  2189 | D:3      | Noticed Jessica
  2195 | D:3      | Killed Jessica
  2231 | D:3      | Reached XP level 5. HP: 33/33 MP: 5/5
  2653 | D:4      | Incinerated by a bombardier beetle

Illustrated notes

Levels and vault maps discovered:
D:1:      eino_arrival_tree_alley, layout_loops_corners,
          shapermc_ecumenical_altar_mp_urbaneastern
D:2:      layout_loops_ring
D:3:      layout_loops_corners, uniq_jessica
D:4:      layout_loops_ring, mainiacjoe_overflow_six_doors_small, uniq_ijyb,
          uniq_crazy_yiuf_cottage, uniq_blork_the_orc, uniq_pargi

Skill      XL: |  1  2  3  4 |
---------------+-------------+-----
Shields        | 4 |  4.3
Armour         | 4 |  4.2
Fighting       | 4 |  4.2
Maces & Flails | 3 |  3.1

Action                     |  1- 3 |  4- 6 || total
---------------------------+-------+-------++-------
  Melee: Flail             |   127 |    80 ||   207
    Use: Scroll            |       |    10 ||    10
 Armour: Scale mail        |    80 |     3 ||    83
         Chain mail        |       |    39 ||    39
  Dodge: Dodged            |    62 |    31 ||    93
  Block: Buckler           |    36 |    17 ||    53
